 Dungeon Crawl Stone Soup version 0.21-a0-531-gacddea6 (webtiles) character file.

260 Exaltedone87 the Chiller (level 5, 0/38 HPs)
             Began as a Draconian Ice Elementalist on Dec 13, 2017.
             Succumbed to a worker ant's poison
             ... on level 3 of the Dungeon.
             The game lasted 00:11:25 (3605 turns).

Exaltedone87 the Chiller (DrIE)                     Turns: 3605, Time: 00:11:25

Health: 0/38       AC:  6    Str: 11    XL:     5   Next: 95%
Magic:  9/10       EV: 13    Int: 16    God:
Gold:   233        SH:  0    Dex: 11    Spells: 8/11 levels left

rFire    + . .     SeeInvis .   j - +1 spear
rCold    . . .     Gourm    .   (no shield)
rNeg     . . .     Faith    .   (armour unavailable)
rPois    .         Spirit   .   (helmet restricted)
rElec    .         Reflect  .   (no cloak)
rCorr    .         Harm     .   s - +0 pair of gloves (curse)
MR       .....                  (no boots)
Stlth    ++........             (no amulet)
HPRegen  0.12/turn              f - ring of protection from fire
MPRegen  0.12/turn              (no ring)

@: lethally poisoned (0 -> 0)
A: unfitting armour, cold-blooded, AC +5
a: no special abilities


You were on level 3 of the Dungeon.
You were not hungry.

You visited 1 branch of the dungeon, and saw 4 of its levels.

You collected 233 gold pieces.

Inventory:

Hand Weapons
 j - a +1 spear (weapon)
Armour
 s - a cursed +0 pair of gloves (worn)
Jewellery
 f - a ring of protection from fire (left hand)
Scrolls
 c - 3 scrolls of remove curse
 p - a scroll of enchant armour
Potions
 i - 2 potions of magic
 n - 3 potions of brilliance
Books
 a - a book of Frost

   Spells                             Type                      Level
   a - Freeze                         Ice                          1
   b - Throw Frost                    Conjuration/Ice              2
   c - Ozocubu's Armour               Charms/Ice                   3
   d - Throw Icicle                   Conjuration/Ice              4
   e - Summon Ice Beast               Ice/Summoning                4
Comestibles
 b - 2 bread rations
 d - 2 meat rations
 h - 3 royal jellies
 q - 7 chunks of flesh


   Skills:
 + Level 2.8 Dodging
 + Level 3.1 Stealth
 * Level 3.7 Spellcasting
 + Level 1.9 Conjurations
 + Level 3.9 Ice Magic


You had 8 spell levels left.
You knew the following spells:

 Your Spells              Type           Power        Failure   Level  Hunger
a - Freeze                Ice            ###.         3%          1    None
b - Throw Frost           Conj/Ice       ##....       8%          2    ##.....


Dungeon Overview and Level Annotations

Branches:
Dungeon (4/15)
 Temple: D:4-7

Altars:
Hepliaklqana
Nemelex Xobeh
Ru
Wu Jian
Xom
Yredelemnul
The Shining One


Innate Abilities, Weirdness & Mutations

Your plain brown scales are hard. (AC +5)
You cannot fit into any form of body armour.
You are cold-blooded and may be slowed by cold attacks.


Message History

* * * LOW HITPOINT WARNING * * *
You feel sick.
You see here 23 arrows.
* * * LOW HITPOINT WARNING * * *
You feel sick.
* * * LOW HITPOINT WARNING * * *
You feel sick.
* * * LOW HITPOINT WARNING * * *
You feel sick.
Your magical contamination has completely faded away.
You see here 23 arrows.
* * * LOW HITPOINT WARNING * * *
You feel sick.
There is a stone staircase leading down here.
* * * LOW HITPOINT WARNING * * *
You feel sick.
* * * LOW HITPOINT WARNING * * *
You feel sick.
There is a stone staircase leading down here.
You die...

...#..##..#
#.##..########
##.#.####.## #...#...##
#....###..# ###......#
##.##...##.##########..#
#..####.)........# ####
..## #..<.......# .##
#..........#
#######..........#######
..............(.@..>...#
#######..........#######
############


There were no monsters in sight!

Vanquished Creatures
  A howler monkey (D:4)
  An iguana (D:4)
  2 worker ants (D:4)
  4 adders
  2 gnolls
  An ooze (D:2)
  2 worms
  2 dart slugs
  2 leopard geckos
  4 orcs
  A ball python (D:3)
  3 giant cockroaches (D:3)
  10 goblins
  10 hobgoblins
  7 jackals (D:1)
  2 quokkas
  7 bats
  5 frilled lizards
  6 kobolds
  2 rats
74 creatures vanquished.

Notes
Turn   | Place    | Note
-------+----------+-------------------------------------------
     0 | D:1      | Exaltedone87 the Draconian Ice Elementalist began the quest for the Orb.
     0 | D:1      | Reached XP level 1. HP: 14/14 MP: 3/3
   716 | D:1      | Reached XP level 2. HP: 15/20 MP: 1/5
  1116 | D:1      | HP: 1/20 [gnoll/spear (7)]
  1120 | D:1      | Reached XP level 3. HP: 2/26 MP: 0/7
  1875 | D:2      | Learned a level 2 spell: Throw Frost
  1942 | D:2      | Reached XP level 4. HP: 32/33 MP: 4/8
  2896 | D:3      | Found an ornate altar of the Wu Jian Council.
  2896 | D:3      | Found a sparkling altar of Nemelex Xobeh.
  2941 | D:3      | Found a basalt altar of Yredelemnul.
  2947 | D:3      | Found a shimmering altar of Xom.
  2950 | D:3      | Found a glowing golden altar of the Shining One.
  2963 | D:3      | Found a sacrificial altar of Ru.
  2976 | D:3      | Found a hazy altar of Hepliaklqana.
  3217 | D:3      | Reached XP level 5. HP: 20/38 MP: 6/9
  3601 | D:3      | HP: 1/38 [poisoned by a worker ant]
  3605 | D:3      | Succumbed to a worker ant's poison

Vault maps used:
D:1:      minmay_arrival_widening_spiral_narrow, minmay_fountain_box
D:2:      first_bread, guppyfry_early_orc_mine
D:3:      grunt_temple_overflow_octagram, corexii_leaking_fountain
D:4:      minmay_temple_entry_glass, hex_tiny, amethyst_killhole, uniq_duvessa

Skill      XL: |  1  2  3  4  5 |
---------------+----------------+-----
Stealth        | 2 3 |  3.1
Dodging        | 2 |  2.8
Spellcasting   | 3 |  3.7
Conjurations   | |  1.9
Ice Magic      | |  3.9

Action                   |  1- 3 |  4- 6 || total
-------------------------+-------+-------++-------
Melee: Short sword       |    45 |       ||    45
       Unarmed           |     8 |       ||     8
       Tailslap          |     7 |    10 ||    17
       Spear             |    28 |   126 ||   154
 Cast: Freeze            |    32 |    20 ||    52
       Throw Frost       |     2 |    14 ||    16
  Use: Scroll            |     3 |     5 ||     8
       Potion            |       |     5 ||     5
 Stab: Sleeping          |       |     4 ||     4
  Eat: Chunk             |     4 |     5 ||     9
       Fruit             |       |     2 ||     2
Armor: Skin              |    31 |    40 ||    71
Dodge: Dodged            |    71 |    90 ||   161

Table legend:
 A = Spawn XP
 B = Non-spawn XP
 C = Spawn XP percentage of total XP
 D = Spawn monster count
 E = Non-spawn monster count
 F = Spawn count percentage of total count
 G = Total turns spent on level
                    A         B        C        D         E        F      G
               +---------+---------+-------+---------+---------+-------+---------
         Total |       0 |     372 |   0.0 |       0 |      74 |   0.0 |  3605
               +---------+---------+-------+---------+---------+-------+---------
           D:1 |       0 |      60 |   0.0 |       0 |      25 |   0.0 |  1692
           D:2 |       0 |      67 |   0.0 |       0 |      19 |   0.0 |   882
           D:3 |       0 |      69 |   0.0 |       0 |      23 |   0.0 |   855
           D:4 |       0 |     176 |   0.0 |       0 |       7 |   0.0 |   176
               +---------+---------+-------+---------+---------+-------+---------
